| TOP OF THE 1ST |
|
Williston Water Wolves batting - Pitching for Magic Valley Magicians : RHP Bill Boddy
|
|
Pitching: RHP Bill Boddy
|
|
|
Batting: LHB John Turner
|
0-0: Swinging Strike 0-1: Foul Ball, location: 2F 0-2: Ball 1-2: Foul Ball, location: 2F 1-2: SINGLE (Flyball, 78S, EV 91.9 MPH)
|
|
Batting: RHB Gil Marquez
|
0-0: Called Strike John Turner steals 2nd base 0-1: TRIPLE (Flyball, 89XD, EV 91.9 MPH) John Turner scores
|
|
Batting: RHB Pat Jelks
|
0-0: Called Strike 0-1: Ball 1-1: Foul Ball, location: 2F 1-2: Ball 2-2: Ball 3-2: Base on Balls
|
|
Batting: RHB Tom Pagnozzi
|
0-0: Fly out, F8 (Flyball, 8RS, EV 76.3 MPH) Runner from 3rd tags up, SCORES, throw by CF
|
|
Batting: SHB Devon White
|
0-0: Ball Wild Pitch! Pat Jelks to second 1-0: Swinging Strike 1-1: SINGLE (Line Drive, 9S, EV 103.8 MPH) Pat Jelks to third Runner from 3rd tries for Home, SAFE, throw by RF to home
|
|
Batting: RHB Pat Borders
|
0-0: Ball 1-0: Called Strike 1-1: Ball 2-1: Foul Ball, location: 2F 2-2: Foul Ball, location: 2F 2-2: Ball 3-2: Base on Balls Devon White to second
|
|
Batting: LHB John Mitchell
|
0-0: Ball 1-0: SINGLE (Line Drive, 7LS, EV 111.3 MPH) Devon White to third Pat Borders to second
|
|
Batting: RHB Jose Lind
|
0-0: Called Strike 0-1: Foul Ball, location: 2F 0-2: Hit by Pitch Devon White scores Pat Borders to third John Mitchell to second
|
|
Batting: RHB Gary Clevenger
|
0-0: Ball Wild Pitch! Pat Borders scores John Mitchell to third Jose Lind to second 1-0: Called Strike 1-1: Ball 2-1: Ball 3-1: Swinging Strike 3-2: Foul Ball, location: 2F 3-2: Base on Balls
|
|
Batting: LHB John Turner
|
0-0: Ball 1-0: Ball 2-0: Ball 3-0: Called Strike 3-1: Base on Balls John Mitchell scores Jose Lind to third Gary Clevenger to second
|
|
Batting: RHB Gil Marquez
|
0-0: Called Strike 0-1: Swinging Strike 0-2: Grounds into double play, 5-4-3 (Groundball, 56, EV 92.5 MPH)
|
| Top of the 1st over - 6 runs, 4 hits, 0 errors, 2 left on base; Williston 6 - Magic Valley 0 |
| BOTTOM OF THE 1ST |
|
Magic Valley Magicians batting - Pitching for Williston Water Wolves : RHP Mike Warren
|
|
Pitching: RHP Mike Warren
|
|
|
Batting: RHB Terry Edwards
|
0-0: Ball 1-0: Ball 2-0: Swinging Strike 2-1: Called Strike 2-2: Strikes out looking
|
|
Batting: RHB Matt Cimo
|
0-0: Ball 1-0: Foul Ball, location: 2F 1-1: Foul Ball, location: 2F 1-2: Foul Ball, location: 2F 1-2: Ground out 6-3 (Groundball, 6, EV 81.3 MPH)
|
|
Batting: RHB Terry Steinbach
|
0-0: Ball 1-0: Ground out 4-3 (Groundball, 4, EV 78.8 MPH)
|
| Bottom of the 1st over - 0 runs, 0 hits, 0 errors, 0 left on base; Williston 6 - Magic Valley 0 |
| TOP OF THE 2ND |
|
Williston Water Wolves batting - Pitching for Magic Valley Magicians : RHP Bill Boddy
|
|
Batting: RHB Pat Jelks
|
0-0: Foul Ball, location: 2F 0-1: SINGLE (Flyball, 7LS, EV 93.1 MPH)
|
|
Batting: RHB Tom Pagnozzi
|
0-0: Called Strike 0-1: Foul Ball, location: 2F 0-2: SINGLE (Flyball, 6D, EV 90.6 MPH) Pat Jelks to second
|
|
Batting: SHB Devon White
|
0-0: Ball 1-0: Called Strike 1-1: Foul Ball, location: 2F 1-2: Ball 2-2: Fielders Choice at 2nd, 1-6 (Groundball, 34S, EV 61.9 MPH) Pat Jelks to third
|
|
Batting: RHB Pat Borders
|
0-0: DOUBLE (Line Drive, 89D, EV 107.5 MPH) Pat Jelks scores Devon White to third
|
|
Batting: LHB John Mitchell
|
0-0: Fly out, F7 (Flyball, 7D, EV 76.9 MPH) Runner from 3rd tags up, SCORES, no throw by LF Pat Borders to third
|
|
Pitching: LHP Terrence Nocera
|
|
|
Batting: RHB Jose Lind
|
0-0: Ball 1-0: Ball 2-0: Called Strike 2-1: Fly out, F4 (Flyball, 34D, EV 90.6 MPH)
|
| Top of the 2nd over - 2 runs, 3 hits, 0 errors, 1 left on base; Williston 8 - Magic Valley 0 |
| BOTTOM OF THE 2ND |
|
Magic Valley Magicians batting - Pitching for Williston Water Wolves : RHP Mike Warren
|
|
Batting: RHB Marlin McPhail
|
0-0: Foul Ball, location: 2F 0-1: Swinging Strike 0-2: Strikes out swinging
|
|
Batting: RHB James Dennett
|
0-0: Fly out, F8 (Flyball, 8RM, EV 82.5 MPH)
|
|
Batting: RHB Kevin Ward
|
0-0: Ground out 6-3 (Groundball, 6M, EV 100.6 MPH)
|
| Bottom of the 2nd over - 0 runs, 0 hits, 0 errors, 0 left on base; Williston 8 - Magic Valley 0 |
| TOP OF THE 3RD |
|
Williston Water Wolves batting - Pitching for Magic Valley Magicians : LHP Terrence Nocera
|
|
Batting: RHB Gary Clevenger
|
0-0: Ball 1-0: Foul Ball, location: 2F 1-1: Swinging Strike 1-2: Ball 2-2: Ball 3-2: Base on Balls
|
|
Batting: LHB John Turner
|
0-0: Ball 1-0: Foul Ball, location: 2F 1-1: Ball 2-1: Called Strike 2-2: Foul Ball, location: 2F 2-2: Ball 3-2: Base on Balls Gary Clevenger to second
|
|
Batting: RHB Gil Marquez
|
0-0: Called Strike 0-1: Ball 1-1: Fly out, F9 (Flyball, 89M, EV 85.6 MPH)
|
|
Batting: RHB Pat Jelks
|
0-0: SINGLE (Flyball, 89S, EV 90.0 MPH) Gary Clevenger to third John Turner to second Runner from 3rd tries for Home, SAFE, throw by CF to home
|
|
Batting: RHB Tom Pagnozzi
|
0-0: Grounds into double play, 3-6-3 (Groundball, 34S, EV 90.0 MPH)
|
| Top of the 3rd over - 1 run, 1 hit, 0 errors, 1 left on base; Williston 9 - Magic Valley 0 |
| BOTTOM OF THE 3RD |
|
Magic Valley Magicians batting - Pitching for Williston Water Wolves : RHP Mike Warren
|
|
Batting: RHB Larry Beardman
|
0-0: Ball 1-0: Ground out 6-3 (Groundball, 6, EV 99.4 MPH)
|
|
Batting: RHB Bruce Seid
|
0-0: Called Strike 0-1: Ball 1-1: Ground out 4-3 (Groundball, 4, EV 79.4 MPH)
|
|
Batting: RHB Andres Amoros
|
0-0: Foul Ball, location: 2F 0-1: Foul Ball, location: 2F 0-2: Ball 1-2: Ball 2-2: SINGLE (Groundball, 6M, EV 81.3 MPH) (infield hit)
|
|
Batting: RHB Terry Edwards
|
0-0: Called Strike 0-1: Ball 1-1: Foul Ball, location: 2F 1-2: Ball 2-2: Fly out, F9 (Flyball, 89M, EV 93.1 MPH)
|
| Bottom of the 3rd over - 0 runs, 1 hit, 0 errors, 1 left on base; Williston 9 - Magic Valley 0 |
| TOP OF THE 4TH |
|
Williston Water Wolves batting - Pitching for Magic Valley Magicians : LHP Terrence Nocera
|
|
Batting: SHB Devon White
|
0-0: Called Strike 0-1: Ball 1-1: DOUBLE (Line Drive, 78XD, EV 103.8 MPH)
|
|
Batting: RHB Pat Borders
|
0-0: Ball 1-0: Ball 2-0: Ball 3-0: Called Strike 3-1: Base on Balls
|
|
Batting: LHB John Mitchell
|
0-0: Grounds into double play, 6-4-3 (Groundball, 6, EV 93.1 MPH) Devon White to third
|
|
Batting: RHB Jose Lind
|
0-0: Ball 1-0: Swinging Strike 1-1: Ball 2-1: Foul Ball, location: 2F 2-2: SINGLE (Line Drive, 34D, EV 96.9 MPH) Devon White scores
|
|
Batting: RHB Gary Clevenger
|
0-0: Called Strike 0-1: Swinging Strike 0-2: Ball 1-2: Ball 2-2: Fly out, F8 (Flyball, 8RD, EV 96.3 MPH)
|
| Top of the 4th over - 1 run, 2 hits, 0 errors, 1 left on base; Williston 10 - Magic Valley 0 |
| BOTTOM OF THE 4TH |
|
Magic Valley Magicians batting - Pitching for Williston Water Wolves : RHP Mike Warren
|
|
Batting: RHB Matt Cimo
|
0-0: Called Strike 0-1: Called Strike 0-2: Ball 1-2: Ball 2-2: Foul Ball, location: 2F 2-2: Strikes out swinging
|
|
Batting: RHB Terry Steinbach
|
0-0: Swinging Strike 0-1: Fly out, F7 (Flyball, 78D, EV 100.6 MPH)
|
|
Batting: RHB Marlin McPhail
|
0-0: Ball 1-0: Called Strike 1-1: DOUBLE (Flyball, 89XD, EV 110.0 MPH)
|
|
Batting: RHB James Dennett
|
0-0: Ball 1-0: Called Strike 1-1: Ball 2-1: Ball 3-1: Base on Balls
|
|
Batting: RHB Kevin Ward
|
0-0: Called Strike 0-1: Ball 1-1: Ball 2-1: Ball 3-1: Base on Balls Marlin McPhail to third James Dennett to second
|
|
Batting: RHB Larry Beardman
|
0-0: Foul Ball, location: 2F 0-1: Ball 1-1: Fly out, F8 (Line Drive, 8RM, EV 93.1 MPH)
|
| Bottom of the 4th over - 0 runs, 1 hit, 0 errors, 3 left on base; Williston 10 - Magic Valley 0 |
| TOP OF THE 5TH |
|
Williston Water Wolves batting - Pitching for Magic Valley Magicians : LHP Terrence Nocera
|
|
Batting: LHB John Turner
|
0-0: Foul Ball, location: 2F 0-1: Ball 1-1: Ball 2-1: Foul Ball, location: 2F 2-2: Foul Ball, location: 2F 2-2: Ball 3-2: SINGLE (Groundball, 4MD, EV 94.4 MPH)
|
|
Pitching: RHP Keith Bragg
|
|
|
Batting: RHB Gil Marquez
|
0-0: Ball 1-0: Ball 2-0: SINGLE (Flyball, 8RS, EV 94.4 MPH) John Turner to second
|
|
Batting: RHB Pat Jelks
|
0-0: Foul Ball, location: 2F 0-1: Ball Wild Pitch! John Turner to third Gil Marquez to second 1-1: Reached on error, E1 (Groundball, 13S, EV 71.9 MPH) John Turner scores Gil Marquez to third
|
|
Batting: RHB Tom Pagnozzi
|
0-0: Foul Ball, location: 2F 0-1: Ball 1-1: Ball 2-1: 3-RUN HOME RUN (Flyball, 7D, EV 95.6 MPH), Distance : 370 ft
|
|
Batting: SHB Devon White
|
0-0: Ball 1-0: Swinging Strike 1-1: Ball 2-1: Fly out, F8 (Line Drive, 8RM, EV 91.9 MPH)
|
|
Batting: RHB Pat Borders
|
0-0: Swinging Strike 0-1: Ball 1-1: Ball 2-1: Called Strike 2-2: Ball 3-2: Ground out 5-3 (Groundball, 56S, EV 78.1 MPH)
|
|
Batting: LHB John Mitchell
|
0-0: Foul Ball, location: 2F 0-1: Ground out 3-1 (Groundball, 34, EV 87.5 MPH)
|
| Top of the 5th over - 4 runs, 3 hits, 1 error, 0 left on base; Williston 14 - Magic Valley 0 |
| BOTTOM OF THE 5TH |
|
Magic Valley Magicians batting - Pitching for Williston Water Wolves : RHP Mike Warren
|
|
Batting: RHB Bruce Seid
|
0-0: SINGLE (Groundball, 56D, EV 98.8 MPH)
|
|
Batting: RHB Andres Amoros
|
0-0: Ball Bruce Seid steals 2nd base 1-0: Ball 2-0: Swinging Strike 2-1: Foul Ball, location: 2F 2-2: Fly out, F8 (Line Drive, 8RM, EV 94.4 MPH)
|
|
Batting: RHB Terry Edwards
|
0-0: Swinging Strike 0-1: Swinging Strike 0-2: Strikes out looking
|
|
Batting: RHB Matt Cimo
|
0-0: Ball 1-0: SINGLE (Line Drive, 34D, EV 95.0 MPH) Bruce Seid to third Runner from 3rd tries for Home, SAFE, throw by RF to home Matt Cimo to second
|
|
Batting: RHB Terry Steinbach
|
0-0: Ball 1-0: Called Strike 1-1: Ball 2-1: Ball 3-1: Foul Ball, location: 2F 3-2: Foul Ball, location: 2F 3-2: Base on Balls
|
|
Batting: RHB Marlin McPhail
|
0-0: Called Strike 0-1: Ball 1-1: Foul Ball, location: 2F 1-2: Ball 2-2: Ball 3-2: Ground out 6-3 (Groundball, 6, EV 101.3 MPH)
|
| Bottom of the 5th over - 1 run, 2 hits, 0 errors, 2 left on base; Williston 14 - Magic Valley 1 |
| TOP OF THE 6TH |
|
Williston Water Wolves batting - Pitching for Magic Valley Magicians : RHP Keith Bragg
|
|
Batting: RHB Jose Lind
|
0-0: Called Strike 0-1: Ball 1-1: Swinging Strike 1-2: Strikes out looking
|
|
Batting: RHB Gary Clevenger
|
0-0: Ball 1-0: Foul Ball, location: 2F 1-1: Swinging Strike 1-2: Foul Ball, location: 2F 1-2: Foul Ball, location: 2F 1-2: Ball 2-2: Ball 3-2: Foul Ball, location: 2F 3-2: Fly out, F8 (Flyball, 78M, EV 98.8 MPH)
|
|
Batting: LHB John Turner
|
0-0: Called Strike 0-1: Called Strike 0-2: Fly out, F7 (Flyball, 78D, EV 99.4 MPH)
|
| Top of the 6th over - 0 runs, 0 hits, 0 errors, 0 left on base; Williston 14 - Magic Valley 1 |
| BOTTOM OF THE 6TH |
|
Magic Valley Magicians batting - Pitching for Williston Water Wolves : RHP Mike Warren
|
|
Batting: RHB James Dennett
|
0-0: Foul Ball, location: 2F 0-1: DOUBLE (Flyball, 9LD, EV 96.3 MPH)
|
|
Batting: RHB Kevin Ward
|
0-0: Ball 1-0: Called Strike 1-1: Foul Ball, location: 2F 1-2: Ball 2-2: Ball 3-2: Base on Balls
|
|
Batting: RHB Larry Beardman
|
0-0: Grounds into double play, 6-4-3 (Groundball, 6, EV 81.9 MPH) James Dennett to third
|
|
Batting: RHB Bruce Seid
|
0-0: Foul Ball, location: 2F 0-1: Ball 1-1: Ground out 3-1 (Groundball, 34, EV 85.6 MPH)
|
| Bottom of the 6th over - 0 runs, 1 hit, 0 errors, 1 left on base; Williston 14 - Magic Valley 1 |
| TOP OF THE 7TH |
|
Williston Water Wolves batting - Pitching for Magic Valley Magicians : RHP Keith Bragg
|
|
Pinch Hitting: SHB Bobby Falls
|
0-0: Ball 1-0: Swinging Strike 1-1: Ball 2-1: Swinging Strike 2-2: Strikes out swinging
|
|
Batting: RHB Pat Jelks
|
0-0: Fly out, F7 (Flyball, 7, EV 90.0 MPH)
|
|
Pinch Hitting: RHB Bob Melvin
|
0-0: Called Strike 0-1: Called Strike 0-2: Strikes out swinging
|
| Top of the 7th over - 0 runs, 0 hits, 0 errors, 0 left on base; Williston 14 - Magic Valley 1 |
| BOTTOM OF THE 7TH |
|
Magic Valley Magicians batting - Pitching for Williston Water Wolves : RHP Mike Warren
|
|
Now at C: Bob Melvin
|
|
|
Now at 2B: Bobby Falls
|
|
|
Batting: RHB Andres Amoros
|
0-0: Ball 1-0: Foul Ball, location: 2F 1-1: Ball 2-1: Foul Ball, location: 2F 2-2: Ball 3-2: Foul Ball, location: 2F 3-2: Ground out 2-3 (Groundball, 2L, EV 68.1 MPH)
|
|
Batting: RHB Terry Edwards
|
0-0: Foul Ball, location: 2F 0-1: Ball 1-1: Fly out, F7 (Flyball, 78M, EV 81.3 MPH)
|
|
Batting: RHB Matt Cimo
|
0-0: Ball 1-0: SINGLE (Line Drive, 9S, EV 111.3 MPH)
|
|
Pinch Hitting: RHB Jorge Llano
|
0-0: Called Strike 0-1: Ball 1-1: Called Strike 1-2: Ball 2-2: Ball Matt Cimo steals 2nd base (no throw) 3-2: Strikes out swinging
|
| Bottom of the 7th over - 0 runs, 1 hit, 0 errors, 1 left on base; Williston 14 - Magic Valley 1 |
| TOP OF THE 8TH |
|
Williston Water Wolves batting - Pitching for Magic Valley Magicians : RHP Keith Bragg
|
|
Pitching: RHP Bradley DeKraai
|
|
|
Now at 1B: Jorge Llano
|
|
|
Batting: SHB Devon White
|
0-0: DOUBLE (Flyball, 8RXD, EV 106.3 MPH)
|
|
Pinch Hitting: RHB David Glick
|
0-0: Called Strike 0-1: Ball 1-1: Called Strike 1-2: Foul Ball, location: 2F 1-2: Ground out 6-3 (Groundball, 6, EV 90.0 MPH) Devon White to third
|
|
Batting: LHB John Mitchell
|
0-0: Ball 1-0: SINGLE (Flyball, 6D, EV 88.1 MPH) Devon White scores
|
|
Batting: RHB Jose Lind
|
0-0: Called Strike 0-1: Ball 1-1: Swinging Strike 1-2: Grounds into double play, 6-4-3 (Groundball, 6, EV 85.0 MPH)
|
| Top of the 8th over - 1 run, 2 hits, 0 errors, 0 left on base; Williston 15 - Magic Valley 1 |
| BOTTOM OF THE 8TH |
|
Magic Valley Magicians batting - Pitching for Williston Water Wolves : RHP Mike Warren
|
|
Now at 1B: Brian White
|
|
|
Pinch Hitting: RHB Hank Clark
|
0-0: Fly out, F9 (Flyball, 9, EV 83.1 MPH)
|
|
Batting: RHB James Dennett
|
0-0: Fly out, F6 (Popup, 6MD, EV 46.9 MPH)
|
|
Batting: RHB Kevin Ward
|
0-0: Foul Ball, location: 2F 0-1: Called Strike 0-2: Strikes out looking
|
| Bottom of the 8th over - 0 runs, 0 hits, 0 errors, 0 left on base; Williston 15 - Magic Valley 1 |
| TOP OF THE 9TH |
|
Williston Water Wolves batting - Pitching for Magic Valley Magicians : RHP Bradley DeKraai
|
|
Now at 3B: Hank Clark
|
|
|
Batting: RHB Gary Clevenger
|
0-0: Foul Ball, location: 2F 0-1: Swinging Strike 0-2: Strikes out swinging
|
|
Batting: LHB John Turner
|
0-0: Ball 1-0: Fly out, F7 (Flyball, 7LS, EV 88.8 MPH)
|
|
Pinch Hitting: RHB Brad Ditto
|
0-0: Called Strike 0-1: Called Strike 0-2: Foul Ball, location: 2F 0-2: Ball 1-2: Ball 2-2: Ball 3-2: Foul Ball, location: 2F 3-2: Fly out, F8 (Line Drive, 8LM, EV 98.8 MPH)
|
| Top of the 9th over - 0 runs, 0 hits, 0 errors, 0 left on base; Williston 15 - Magic Valley 1 |
| BOTTOM OF THE 9TH |
|
Magic Valley Magicians batting - Pitching for Williston Water Wolves : RHP Mike Warren
|
|
Now at 2B: Brad Ditto
|
|
|
Batting: RHB Larry Beardman
|
0-0: Ball 1-0: Swinging Strike 1-1: Foul Ball, location: 2F 1-2: Fly out, F9 (Flyball, 9LS, EV 80.0 MPH)
|
|
Batting: RHB Bruce Seid
|
0-0: Called Strike 0-1: Ball 1-1: Ball 2-1: Ball 3-1: Base on Balls
|
|
Batting: RHB Andres Amoros
|
0-0: Swinging Strike 0-1: Ball 1-1: Foul Ball, location: 2F 1-2: Ball 2-2: Fly out, F2 (Popup, 25F, EV 77.5 MPH)
|
|
Pitching: RHP Jeff Montgomery
|
|
|
Batting: RHB Terry Edwards
|
0-0: Ball 1-0: Foul Ball, location: 2F 1-1: Ground out U3 (Groundball, 3L, EV 91.3 MPH)
|
| Bottom of the 9th over - 0 runs, 0 hits, 0 errors, 1 left on base; Williston 15 - Magic Valley 1 |
|